Map: Zentralprotokoll

Players

Karenin - Winner!

  • Race: Zerg Zerg
  • League: Silver

wizard

  • Race: Protoss Protoss
  • League: Silver

VOD

Have the link to the VOD?

Description

Time

  • Played on: Feb. 16, 2016, 2:23 p.m.
  • Length: 13:15
Show
View Real Time Build Order
Export as new Build Order

Karenin Zerg - Winner!

Build Orders: Hatch First 

Get SALT Encoding   

  12  0:07  Drone  
  13  0:12  Overlord  
  13  0:17  Drone  
  14  0:36  Drone  
  14  0:37  Drone  
  16  0:55  Drone x2  
  18  1:21  Hatchery  
  17  1:30  Drone  
  17  1:32  Drone x2  
  20  1:51  Extractor  
  19  2:06  Spawning Pool, Drone  
  19  2:15  Drone x2  
  21  2:18  Drone  
  22  2:29  Overlord  
  22  2:46  Extractor  
  22  2:50  Drone x3  
  22  2:51  Drone  
  25  2:55  Metabolic Boost  
  25  2:57  Zergling x2  
  26  2:59  Queen x2  
  30  3:13  Zergling x6  
  30  3:16  Drone  
  34  3:25  Drone  
  35  3:30  Overlord  
  35  3:47  Queen  
  37  3:57  Drone x5  
  37  4:00  Zergling x2  
  43  4:12  Roach Warren, Evolution Chamber  
  41  4:17  Evolution Chamber  
  41  4:19  Drone x3  
  41  4:20  Drone  
  41  4:22  Overlord x3, Extractor  
  41  4:23  Extractor  
  42  4:45  Zerg Missile Weapons Level 1, Zerg Ground Armor Level 1  
  42  4:53  Drone x2  
  42  4:54  Drone  
  42  4:55  Drone  
  42  4:56  Drone x2  
  42  4:57  Drone x3  
  42  4:58  Drone  
  52  5:05  Roach  
  54  5:11  Drone  
  55  5:17  Lair  
  55  5:33  Roach  
  55  5:34  Zergling x2, Roach x5  
  68  5:37  Overlord x2  
  68  5:43  Hatchery  
  68  5:47  Overlord x2  
  67  6:05  Roach  
  67  6:06  Roach x4  
  67  6:09  Ravager  
  78  6:21  Roach  
  78  6:22  Roach x4  
  78  6:25  Ravager x2  
  90  6:27  Glial Reconstitution  
  90  6:32  Ravager  
  91  6:33  Overlord  
  91  6:34  Overlord x3  
  87  6:57  Roach x5  
  87  6:58  Roach x5  
  99  7:10  Roach  
  99  7:11  Roach x3  
  101  7:29  Hydralisk Den  
  100  7:31  Drone x4  
  100  7:32  Drone x3  
  100  7:33  Infestation Pit  
  100  7:34  Ravager x2  
  108  7:42  Spore Crawler  
  107  7:45  Spore Crawler  
  107  7:48  Zerg Missile Weapons Level 2, Spore Crawler  
  105  7:52  Roach x2  
  105  7:53  Zergling x10  
  105  7:56  Spore Crawler  
  114  8:12  Drone  
  114  8:13  Drone x4  
  114  8:14  Spire  
  114  8:15  Drone x2  
  119  8:23  Muscular Augments  
  119  8:26  Extractor  
  120  8:27  Extractor, Drone x3  
  120  8:32  Drone x3  
  123  8:36  Hydralisk  
  123  8:39  Hydralisk  
  127  8:42  Hydralisk  
  129  8:57  Zerg Ground Armor Level 2  
  129  9:01  Hydralisk  
  131  9:11  Drone x7  
  131  9:15  Overlord  
  138  9:31  Overlord x4  
  138  9:37  Hydralisk  
  138  9:38  Hydralisk  
  142  9:40  Hydralisk  
  142  9:42  Hydralisk  
  142  9:45  Extractor, Hatchery, Hydralisk  
  146  9:49  Extractor  
  145  10:04  Hydralisk x7  
  159  10:08  Drone x2  
  158  10:22  Pneumatized Carapace  
  158  10:26  Hydralisk x6  
  170  10:51  Hive  
  162  11:05  Overlord  
  162  11:06  Overlord x11  
  160  11:55  Hydralisk  
  160  11:56  Hydralisk x15  
Show
View Real Time Build Order
Export as new Build Order

wizard Protoss 

Build Orders:  

Get SALT Encoding   

  12  0:19  Probe (Chrono Boost)  
  13  0:30  Probe (Chrono Boost)  
  14  0:36  Pylon  
  14  0:39  Pylon  
  14  0:41  Probe (Chrono Boost)  
  15  0:54  Probe (Chrono Boost)  
  16  1:03  Forge  
  16  1:05  Probe (Chrono Boost)  
  16  1:07  Gateway  
  17  1:29  Gateway  
  17  1:38  Gateway  
  17  1:45  Photon Cannon  
  17  2:12  Nexus  
  17  2:16  Probe (Chrono Boost)  
  18  2:27  Probe (Chrono Boost)  
  19  2:37  Probe (Chrono Boost)  
  20  2:47  Assimilator  
  20  2:48  Probe (Chrono Boost)  
  20  2:49  Assimilator  
  21  2:54  Pylon  
  21  2:58  Probe (Chrono Boost)  
  22  3:09  Probe (Chrono Boost)  
  23  3:25  Cybernetics Core  
  23  3:28  Probe (Chrono Boost)  
  24  3:35  Probe (Chrono Boost)  
  24  3:39  Probe (Chrono Boost)  
  26  3:45  Probe (Chrono Boost)  
  26  3:47  Photon Cannon  
  27  3:50  Probe (Chrono Boost)  
  28  4:00  Probe (Chrono Boost)  
  29  4:11  Probe (Chrono Boost)  
  30  4:21  Stargate  
  30  4:25  Cybernetics Core  
  30  4:26  Mothership Core (Chrono Boost)  
  30  4:28  Probe (Chrono Boost)  
  33  4:35  Assimilator  
  33  4:36  Assimilator  
  33  4:38  Probe (Chrono Boost)  
  34  4:47  Probe, Stargate  
  34  4:49  Warp Gate (Chrono Boost)  
  35  4:58  Probe  
  35  4:59  Pylon  
  36  5:06  Phoenix  
  38  5:08  Probe  
  39  5:19  Probe  
  40  5:24  Probe  
  41  5:29  Probe  
  41  5:30  Protoss Air Weapons Level 1 (Chrono Boost)  
  42  5:36  Probe  
  42  5:38  Stargate  
  42  5:40  Probe  
  42  5:41  Phoenix  
  46  5:48  Probe  
  46  5:49  Phoenix  
  49  5:50  Probe  
  50  6:00  Probe  
  50  6:01  Probe  
  52  6:12  Probe  
  52  6:13  Stargate  
  53  6:18  Phoenix  
  53  6:19  Photon Cannon  
  53  6:21  Phoenix  
  57  6:29  Photon Cannon  
  57  6:32  Photon Cannon  
  57  6:36  Phoenix, Photon Cannon  
  57  6:39  Photon Cannon  
  59  6:43  Phoenix  
  60  7:34  Pylon  
  60  7:38  Pylon  
  60  7:41  Pylon  
  60  7:44  Pylon  
  60  7:50  Protoss Air Armor Level 1 (Chrono Boost)  
  60  7:55  Phoenix  
  62  7:59  Phoenix x2  
  62  8:04  Gateway  
  66  8:07  Photon Cannon  
  66  8:11  Photon Cannon  
  66  8:17  Photon Cannon  
  66  8:20  Phoenix  
  66  8:24  Phoenix x2  
  66  8:25  Photon Cannon  
  72  8:28  Photon Cannon  
  72  8:33  Photon Cannon  
  72  8:37  Photon Cannon  
  72  8:41  Photon Cannon  
  72  8:45  Phoenix  
  74  8:49  Photon Cannon  
  74  9:01  Photon Cannon  
  74  9:08  Photon Cannon  
  74  9:16  Photon Cannon  
  74  9:18  Stalker x2  
  78  9:29  Pylon  
  78  9:35  Pylon  
  78  9:48  Fleet Beacon  
  78  10:00  Pylon  
  78  10:04  Pylon  
  78  10:08  Photon Cannon  
  78  10:11  Photon Cannon  
  78  10:14  Phoenix x3  
  80  10:15  Photon Cannon  
  84  10:27  Stalker  
  84  10:28  Stalker  
  88  10:29  Stalker  
  90  10:52  Protoss Air Armor Level 2 (Chrono Boost)  
  90  10:57  Protoss Air Weapons Level 2 (Chrono Boost)  
  88  11:07  Void Ray  
  92  11:28  Void Ray  
  92  11:29  Void Ray  
  98  11:49  Void Ray  
  102  12:06  Void Ray  
  106  12:11  Void Ray  
Tags
 
Add a new tag
Caveats
  • Supply blocks, unpowered buildings, or Contaminate may cause inaccurate times.
  • Supply counts are checked every 10 seconds.